 Dungeon Crawl Stone Soup version 0.29.1-13-g9f3cf754e1 (webtiles) character file.

Game seed: 10876459546541048451

25742 cheesebisquit the Marksminotaur (level 12, 0/165 HPs)
             Began as a Minotaur Hunter on Jan 22, 2023.
             Was a Priest of Okawaru.
             Slain by a reaper
             ... wielding a +1 scythe of freezing
              (30 damage)
             ... in an ice cave.
             The game lasted 01:24:05 (23082 turns).

cheesebisquit the Marksminotaur (Minotaur Hunter)  Turns: 23082, Time: 01:24:05

Health: 0/165      AC: 26    Str: 17    XL:     12   Next: 92%
Magic:  17/17      EV:  2    Int:  6    God:    Okawaru [***...]
Gold:   122        SH:  0    Dex: 18    Spells: 11/11 levels left

rFire   . . .      SeeInvis .   (no weapon)
rCold   . . .      Faith    .   (no shield)
rNeg    . . .      Spirit   .   (body armour currently unavailable)
rPois   +          Reflect  .   (helmet unavailable)
rElec   .          Harm     .   (cloak currently unavailable)
rCorr   .          Rampage  .   (gloves currently unavailable)
Will    +....      NoTele   +   (boots currently unavailable)
Stlth   +.........              (no amulet)
HPRegen 0.37/turn               k - ring of flight
MPRegen 0.15/turn               y - ring of willpower

@: confused, tree-form, ambrosia-drunk
A: stationary, stasis, torment immunity, boosted hp, (horns 3), (retaliatory
headbutt), (iridescent scales 1)
a: Renounce Religion, Heroism


You were in an ice cave.
You worshipped Okawaru.
Okawaru was most pleased with you.
You were a tree.
You visited 2 branches of the dungeon, and saw 13 of its levels.
You also visited: Ice Cave.

You collected 889 gold pieces.
You spent 767 gold pieces at shops.

Inventory:

Hand Weapons
 a - a +6 vorpal shortbow
 B - the +7 flail of Xoatul {freeze, rElec Dex+3}
   (You found it on level 11 of the Dungeon)

   It freezes those it strikes, dealing additional cold damage.
   It can also slow down cold-blooded creatures.
   Dex:       It affects your dexterity (+3).
   rElec:     It insulates you from electricity.
 F - a +1 longbow of venom
 G - a +1 longbow of flaming
Missiles
 b - 10 poisoned darts
 p - 2 curare-tipped darts
 I - 2 silver javelins
Armour
 c - a +1 cloak (melded)
 m - a +2 hat (melded)
 x - a +2 leather armour of poison resistance (melded)
 H - a +2 pair of gloves of hurling (melded)
 K - a +0 kite shield of cold resistance
Jewellery
 i - a ring of positive energy
 k - a ring of flight (left branch)
 n - a ring of protection from fire
 y - a ring of willpower (right branch)
 z - a ring of resist corrosion
Wands
 j - a wand of mindburst (18)
 l - a wand of polymorph (9)
 q - a wand of acid (4)
 t - a wand of paralysis (3)
 E - a wand of roots (14)
Scrolls
 e - 4 scrolls of immolation
 f - a scroll of magic mapping
 r - a scroll of vulnerability
 s - a scroll of acquirement {unknown}
 v - 3 scrolls of teleportation
 w - a scroll of brand weapon
 A - 2 scrolls of fog {unknown}
 J - 2 scrolls of poison
Potions
 d - 5 potions of attraction
 g - 2 potions of might
 h - 3 potions of mutation
 o - a potion of ambrosia
 u - 2 potions of lignification
 D - 2 potions of magic


   Skills:
 + Level 11.6 Fighting
 * Level 17.2 Ranged Weapons
 + Level 10.7 Dodging
 - Level 0.7 Stealth
 + Level 8.2 Invocations


You had 11 spell levels left.
You didn't know any spells.
Your spell library contained the following spells:

 Spells                   Type           Power      Damage    Failure   Level
 Apportation              Tloc           0%         N/A       45%         1
 Gell's Gravitas          Tloc           0%         N/A       83%         3
 Ozocubu's Armour         Ice            0%         N/A       83%         3
 Teleport Other           Tloc           0%         N/A       83%         3
 Alistair's Intoxication  Tmut/Pois      0%         N/A       100%        5
 Metabolic Englaciation   Hex/Ice        0%         N/A       100%        5
 Dispersal                Tloc           0%         N/A       100%        6
 Simulacrum               Ice/Necr       Unusable   N/A       N/A         6

Dungeon Overview and Level Annotations

Branches:
Dungeon (12/15)            Temple (1/1) D:6            Lair (0/5) D:11
    Orc (0/2) D:10          IceCv (1/1)

Altars:
Ashenzari
Cheibriados
Dithmenos
Elyvilon
Fedhas
Gozag
Hepliaklqana
Kikubaaqudgha
Makhleb
Nemelex Xobeh
Okawaru
Qazlal
Ru
Sif Muna
Trog
Uskayaw
Vehumet
Wu Jian
Xom
Yredelemnul
Zin
The Shining One

Shops:
D:1 *:?=!   D:4 *   D:8 :


Innate Abilities, Weirdness & Mutations

You are a tree.
Your roots penetrate the ground, keeping you stationary.
You cannot be teleported.
You are immune to unholy pain and torment.
Your maximum health is greatly increased.
Your equipment is partially melded.
((You have a pair of large horns on your head.))
((You reflexively headbutt those who attack you in melee.))
((You are partially covered in iridescent scales. (AC +2)))


Message History

You can't see any enemies this would affect, really read the scroll of poison?
Okay, then.
Really quaff the potion of lignification?
You turn into a tree.
Your +1 cloak melds into your body.
Your +2 hat melds into your body.
Your +2 pair of gloves of hurling melds into your body.
Your +2 leather armour of poison resistance melds into your body.
Your aim is not that steady anymore.
You no longer feel resistant to poison.
Your roots penetrate the ground.
The reaper hits you but does no damage.
Okay, then.
You are confused.
You feel invigorated.
The reaper hits you from afar with a +1 scythe of freezing!
The reaper freezes you.
Your +1 longbow of flaming stops flaming.
You are now empty-handed.
The reaper hits you from afar with a +1 scythe of freezing!!
* * * LOW HITPOINT WARNING * * *
The reaper freezes you.
* * * LOW HITPOINT WARNING * * *
The reaper hits you from afar with a +1 scythe of freezing!
* * * LOW HITPOINT WARNING * * *
The reaper freezes you.
* * * LOW HITPOINT WARNING * * *
Really quaff the potion of mutation?
You feel extremely strange.
Your vision sharpens.
You feel yourself wasting away.
You feel your surroundings grow quieter.
The reaper hits you but does no damage.
Really quaff the potion of mutation?
You feel extremely strange.
You feel healthier.
You feel your surroundings grow louder.
Your vision seems duller.
Iridescent scales grow over part of your body.
The horns on your head grow some more. The reaper hits you but does no damage.
The reaper barely misses you. The reaper barely misses you.
The reaper hits you from afar with a +1 scythe of freezing!!
You die...

[# ### $. #.## ###.
#####..# ##2Z.
###....### #.5ZZ
##...#....###
#..Z###..####.....##
#Z..##..#####.....###
###..##♣..######....##
##.2###.....# ##....##
##.##.#2#..)##
###...## #..###Z######
#########..# #☼.######
###....##...##
##○§.#..#
###...#....####
###...####....#######
#...###...#### ##
###.##...## ###.


You could see a reaper and a dire elephant simulacrum.

Vanquished Creatures
  Nessos (D:12)
  2 hydras
  2 boulder beetles
  8 two-headed ogres
  3 centaur warriors (D:11)
  A tengu warrior (D:10)
  3 death yaks
  2 wizards (D:11)
  A deep elf pyromancer (D:12)
  2 manticores (D:11)
  2 cyclopes (D:11)
  2 gargoyles
  An ice statue (IceCv)
  Joseph (D:7)
  Psyche (D:9)
  A kobold demonologist (D:8)
  An ice devil (IceCv)
  A freezing wraith (IceCv)
  A hornet (D:9)
  2 trolls
  2 slime creatures
  7 yaks
  A wyvern (D:8)
  A shadow (D:12)
  Grum (D:9)
  A warg (D:10)
  A steam dragon (D:4)
  3 death yak simulacra (IceCv)
  3 vampire mosquitoes (D:11)
  A harpy simulacrum (IceCv)
  An acid dragon (D:8)
  A water moccasin (D:5)
  A sky beast (D:8)
  4 ice beasts
  5 orc warriors
  3 black bears
  2 ogres
  2 wolves (D:9)
  6 centaurs
  3 bullfrogs
  3 two-headed ogre simulacra (IceCv)
  7 scorpions
  2 wights (D:8)
  3 elephant simulacra (IceCv)
  13 killer bees
  3 howler monkeys
  4 hounds
  2 gnoll boudas
  7 orc priests
  3 iguanas
  10 orc wizards
  2 polar bear simulacra (IceCv)
  7 spriggan simulacra (IceCv)
  5 troll simulacra (IceCv)
  3 wolf simulacra (IceCv)
  13 gnolls
  12 adders
  4 naga simulacra (IceCv)
  A shadow imp (D:4)
  8 white imps
  8 ufetubi
  A dart slug (D:1)
  38 orcs
  10 ball pythons
  3 endoplasms
  5 giant cockroaches
  9 hobgoblins
  4 jackals (D:4)
  3 quokkas
  5 bats
  2 frilled lizards
  3 goblins
  8 kobolds
  2 rats
300 creatures vanquished.

Notes
Turn   | Place    | Note
-------+----------+-------------------------------------------
     0 | D:1      | cheesebisquit the Minotaur Hunter began the quest for the
                  | Orb.
     0 | D:1      | Reached XP level 1. HP: 18/18 MP: 0/0
    21 | D:1      | Found Omipaac's Distillery.
    41 | D:1      | Bought a potion of degeneration for 10 gold pieces
    75 | D:1      | Reached XP level 2. HP: 25/25 MP: 1/1
   127 | D:1      | Reached skill level 5 in Ranged Weapons
   240 | D:1      | Found Baxiecka's Book Boutique.
   329 | D:1      | Found Zuxkiuxy's General Store.
   333 | D:1      | Found Xioten's Magic Scroll Shoppe.
   694 | D:1      | Found Cofimpeof's Jewellery Boutique.
   841 | D:2      | Reached XP level 3. HP: 9/30 MP: 2/2
  1207 | D:2      | Found a faded altar of an unknown god.
  1394 | D:2      | Reached skill level 6 in Ranged Weapons
  1599 | D:1      | Bought a scroll of noise for 12 gold pieces
  1599 | D:1      | Bought a scroll of identify for 24 gold pieces
  1611 | D:1      | Bought a scroll of identify for 26 gold pieces
  1872 | D:3      | Reached XP level 4. HP: 34/37 MP: 3/3
  2670 | D:1      | Bought a scroll of teleportation for 39 gold pieces
  2670 | D:1      | Bought a scroll of identify for 26 gold pieces
  2769 | D:4      | Noticed an ogre
  2855 | D:4      | Reached skill level 7 in Ranged Weapons
  2855 | D:4      | Reached XP level 5. HP: 42/42 MP: 4/4
  2937 | D:4      | Noticed a steam dragon
  2937 | D:4      | an ogre changed into a steam dragon
  3108 | D:4      | Noticed a black bear
  3311 | D:4      | Found Umipihal's Neck Hole.
  3335 | D:4      | Killed a black bear
  3336 | D:4      | Reached skill level 8 in Ranged Weapons
  3336 | D:4      | Reached XP level 6. HP: 50/50 MP: 5/5
  3535 | D:4      | Killed a steam dragon
  3536 | D:4      | Reached skill level 9 in Ranged Weapons
  3873 | D:1      | Bought a scroll of brand weapon for 114 gold pieces
  3941 | D:5      | Entered Level 5 of the Dungeon
  4017 | D:5      | Noticed an ice beast
  4033 | D:5      | Killed an ice beast
  4034 | D:5      | Reached XP level 7. HP: 56/56 MP: 6/6
  4044 | D:5      | Reached skill level 10 in Ranged Weapons
  4596 | D:5      | Reached skill level 11 in Ranged Weapons
  4596 | D:5      | Reached XP level 8. HP: 62/62 MP: 7/7
  5308 | D:4      | Bought a +1 cloak for 138 gold pieces
  6193 | D:6      | Found a staircase to the Ecumenical Temple.
  6203 | Temple   | Entered the Ecumenical Temple
  6303 | Temple   | Became a worshipper of Warmaster Okawaru
  6770 | D:6      | Reached skill level 5 in Fighting
  6964 | D:1      | Bought a potion of curing for 30 gold pieces
  7157 | D:7      | Noticed Joseph
  7169 | D:7      | Killed Joseph
  7169 | D:7      | Reached * piety under Okawaru
  7170 | D:7      | Reached skill level 12 in Ranged Weapons
  7170 | D:7      | Reached skill level 5 in Dodging
  7170 | D:7      | Reached XP level 9. HP: 32/74 MP: 8/8
  7535 | D:7      | Found a bloodstained altar of Trog.
  7536 | D:7      | Found a burning altar of Makhleb.
  7819 | D:7      | Found a blossoming altar of Fedhas.
  8145 | D:1      | Bought a potion of curing for 30 gold pieces
  8402 | D:8      | Found an opulent altar of Gozag.
  8457 | D:8      | Reached skill level 1 in Invocations
  8501 | D:8      | Noticed a two-headed ogre
  8512 | D:8      | Killed a two-headed ogre
  8658 | D:8      | Reached skill level 13 in Ranged Weapons
  8662 | D:8      | Reached ** piety under Okawaru
  8999 | D:8      | Noticed a kobold demonologist
  9027 | D:7      | Reached XP level 10. HP: 69/86 MP: 11/11
  9490 | D:8      | Found a bloodstained altar of Trog.
  9945 | D:7      | Found a bloodstained altar of Trog.
  9947 | D:7      | Found a burning altar of Makhleb.
 10317 | D:7      | Found a blossoming altar of Fedhas.
 10452 | D:8      | Noticed a smoke demon
 10668 | D:8      | Found Sonah's Tremendous Tomes.
 10811 | D:8      | Reached *** piety under Okawaru
 11232 | D:9      | Noticed Grum
 11239 | D:9      | Killed Grum
 11380 | D:9      | Noticed a two-headed ogre
 11430 | D:9      | Reached skill level 14 in Ranged Weapons
 11740 | D:9      | Killed a two-headed ogre
 11740 | D:9      | Received a gift from Okawaru
 11930 | D:9      | Noticed Psyche
 11935 | D:9      | Killed Psyche
 12303 | D:9      | Reached skill level 5 in Invocations
 12733 | D:10     | Entered Level 10 of the Dungeon
 13040 | D:10     | Reached XP level 11. HP: 95/95 MP: 13/13
 13150 | D:10     | Found a staircase to the Orcish Mines.
 13268 | D:10     | Noticed a two-headed ogre
 13276 | D:10     | Killed a two-headed ogre
 13276 | D:10     | Reached **** piety under Okawaru
 13323 | D:10     | Found a hide-covered altar of Uskayaw.
 13393 | D:10     | Found a basalt altar of Yredelemnul.
 13448 | D:10     | Noticed a seven-headed hydra
 13457 | D:10     | Killed a seven-headed hydra
 13707 | D:10     | Noticed a two-headed ogre
 13713 | D:10     | Killed a two-headed ogre
 13926 | D:10     | Reached skill level 15 in Ranged Weapons
 14425 | D:1      | Bought a +1 pair of gloves of hurling for 198 gold pieces
 14681 | D:11     | Found a gate leading to a gauntlet.
 14687 | D:11     | Noticed a centaur warrior
 14689 | D:11     | Noticed a centaur warrior
 14691 | D:11     | Noticed a two-headed ogre
 14694 | D:11     | Noticed a centaur warrior
 14696 | D:11     | Noticed a wizard
 14700 | D:11     | Noticed a wizard
 14700 | D:11     | Noticed a five-headed hydra
 14701 | D:11     | Noticed a tengu warrior
 14704 | D:11     | Noticed a boulder beetle
 14719 | D:11     | Noticed a death yak
 14725 | D:11     | Noticed a two-headed ogre
 14729 | D:11     | Noticed a death yak
 15227 | D:1      | Bought a potion of ambrosia for 80 gold pieces
 15563 | D:10     | Killed a death yak
 15593 | D:11     | Killed a wizard
 15799 | D:11     | Killed a five-headed hydra
 15988 | D:11     | Noticed a death yak
 16002 | D:11     | Killed a death yak
 16003 | D:11     | Reached skill level 10 in Fighting
 16021 | D:10     | Killed a tengu warrior
 16422 | D:11     | Killed a boulder beetle
 16490 | D:11     | Identified the +7 flail of Xoatul {freeze, rElec Dex+3}
 16559 | D:11     | Killed a centaur warrior
 16560 | D:11     | Reached XP level 12. HP: 72/106 MP: 13/16
 16733 | D:11     | Killed a two-headed ogre
 16734 | D:11     | Reached skill level 16 in Ranged Weapons
 16754 | D:11     | Killed a centaur warrior
 16831 | D:11     | Killed a centaur warrior
 16843 | D:11     | Killed a two-headed ogre
 17177 | D:11     | Reached skill level 10 in Dodging
 17185 | D:11     | Reached ***** piety under Okawaru
 17221 | D:11     | Found a staircase to the Lair.
 17278 | D:11     | Killed a death yak
 17786 | D:11     | Found a staircase to the Lair.
 18496 | D:1      | Bought a potion of brilliance for 40 gold pieces
 18679 | D:12     | Noticed a boulder beetle
 18696 | D:12     | Killed a boulder beetle
 18696 | D:12     | Received a gift from Okawaru
 18752 | D:12     | Noticed Nessos
 18763 | D:12     | Killed Nessos
 18781 | D:12     | Noticed a two-headed ogre
 18788 | D:12     | Killed a two-headed ogre
 18800 | D:12     | Noticed a two-headed ogre
 18810 | D:12     | Killed a two-headed ogre
 18817 | D:12     | Reached skill level 17 in Ranged Weapons
 18820 | D:12     | Found a frozen archway.
 18827 | IceCv    | Entered an ice cave
 20079 | IceCv    | Received a gift from Okawaru
 21426 | IceCv    | HP: 5/110 [something] (11)]
 22896 | IceCv    | Noticed a reaper
 23078 | IceCv    | Gained mutation: You have supernaturally acute eyesight.
                  | (SInv) [potion of mutation]
 23078 | IceCv    | Gained mutation: Your body sometimes deteriorates upon
                  | taking damage. [potion of mutation]
 23078 | IceCv    | Gained mutation: You passively dampen the noise of your
                  | surroundings. [potion of mutation]
 23079 | IceCv    | Lost mutation: Your body sometimes deteriorates upon taking
                  | damage. [potion of mutation]
 23079 | IceCv    | Lost mutation: You passively dampen the noise of your
                  | surroundings. [potion of mutation]
 23079 | IceCv    | Lost mutation: You have supernaturally acute eyesight.
                  | (SInv) [potion of mutation]
 23079 | IceCv    | Gained mutation: You are partially covered in iridescent
                  | scales. (AC +2) [potion of mutation]
 23079 | IceCv    | Gained mutation: You have a pair of large horns on your
                  | head. [potion of mutation]
 23082 | IceCv    | Slain by a reaper

Illustrated notes

Levels and vault maps discovered:
D:1:      zaba_arrival_water, layout_rooms, serial_shops,
          nicolae_shop_hallway_stairs, nicolae_shop_behind_doors,
          nicolae_shop_trees, shop, shop_statue, hex_intersection, st_stairs_13
D:2:      layout_rooms, serial_corexii_hall, chequers_hall_statues_corner_a,
          corexii_hall_statues_i, corexii_hall_statues_x,
          ebering_ecumenical_altar_sacrificial
D:3:      layout_loops_ring, minmay_randomly_rotated_circles
D:4:      layout_gridville, st_stairs_3, minmay_strange_pillars,
          nicolae_shop_sticking_my_neck_out
D:5:      layout_basic
D:6:      layout_rooms, minmay_temple_entry_gardened_gates
D:7:      layout_basic, fedhas_altar_4, gammafunk_temple_overflow_pools,
          uniq_joseph
D:8:      wad_cavern_with_rooms, layout_cave_pools, general_overflow_altar,
          nicolae_shop_i_like_big_books, minmay_ruined_shrine
D:9:      layout_irregular_city, uniq_grum, uniq_psyche
D:10:     layout_irregular_city, erik_orc_3, nrook_mini_vaults,
          nicolae_hexahallways, hangedman_feature_mirror,
          grunt_decor_mini_mirrors
D:11:     layout_basic, dpeg_lair_monsters, gauntlet_entry_generic, minivault_28
D:12:     layout_rooms, portal_ice_cave_entry_pillars_2, uniq_nessos
Temple:   compressed_dpeg_circular_temple
IceCv:    ice_cave_caverns_01

Skill      XL: |  1  2  3  4  5  6  7  8  9 10 11 12 |
---------------+-------------------------------------+-----
Ranged Weapons | 5 6 7 8 9 11 12 13 14 15 17 | 17.2
Fighting       | 5 7 8 10 11 | 11.6
Dodging        | 5 6 8 9 10 | 10.7
Invocations    | 3 5 6 8 |  8.2
Stealth        | |  0.7

Action                   |  1- 3 |  4- 6 |  7- 9 | 10-12 || total
-------------------------+-------+-------+-------+-------++-------
Melee: Hand axe          |     2 |       |       |       ||     2
       Club              |     1 |       |       |       ||     1
       Flail             |       |       |       |    10 ||    10
       Headbutt          |       |       |       |     3 ||     3
 Fire: Shortbow          |    79 |   118 |   234 |   392 ||   823
       Longbow           |       |       |       |   239 ||   239
Invok: Heroism           |       |       |     4 |    35 ||    39
       Finesse           |       |       |       |    15 ||    15
Evoke: Wand              |       |     1 |     2 |       ||     3
  Use: Scroll            |     3 |     7 |     7 |    20 ||    37
       Potion            |       |       |     1 |    15 ||    16
Armor: Leather armour    |     8 |    15 |    37 |    65 ||   125
       Skin              |       |       |       |     3 ||     3
Dodge: Dodged            |    30 |    38 |    85 |   203 ||   356
Block: Kite shield       |       |       |       |     9 ||     9
